Map: Yellowjacket

Players

llantero

  • Race: Protoss Protoss
  • Spawn Location: 7:00

NevaehSlayer

  • Race: Terran Terran
  • Spawn Location: 9:00

KhengisKhunt - Winner!

  • Race: Protoss Protoss
  • League: Silver
  • Spawn Location: 3:00

iPlayDefense - Winner!

  • Race: Terran Terran
  • Spawn Location: 1:00

VOD

Have the link to the VOD?

Description

Time

  • Played on: April 12, 2025, 12:32 a.m.
  • Length: 12:37
Show
View Real Time Build Order
Export as new Build Order

llantero Protoss 

Build Orders:  

Get SALT Encoding   

  12  0:01  Probe  
  13  0:33  Pylon  
  13  0:42  Pylon  
  13  0:45  Pylon  
  13  0:48  Pylon  
  13  1:07  Gateway  
  13  1:08  Gateway  
  13  1:12  Gateway  
  13  1:15  Forge  
  13  1:20  Gateway  
  13  1:21  Gateway  
  13  1:34  Probe  
  13  1:35  Pylon  
  14  1:46  Probe  
  15  1:58  Probe  
  15  1:59  Cybernetics Core  
  16  2:04  Gateway  
  16  2:08  Zealot  
  18  2:10  Probe  
  19  2:22  Probe  
  20  2:29  Zealot x3  
  28  2:30  Zealot  
  28  2:34  Probe  
  29  2:43  Assimilator  
  29  2:46  Probe  
  30  2:52  Assimilator  
  30  2:54  Stalker x2  
  34  2:58  Probe  
  35  3:31  Adept x2  
  35  3:32  Zealot x2  
  35  3:33  Zealot  
  47  3:34  Zealot  
  47  3:59  Zealot  
  47  4:00  Zealot x2  
  47  4:01  Zealot  
  55  4:16  Pylon  
  55  4:19  Pylon  
  55  4:23  Pylon  
  55  4:31  Stalker x3  
  55  4:34  Zealot  
  55  4:37  Zealot x2  
  67  4:40  Shield Battery  
  67  4:58  Stalker x4  
  67  5:01  Stalker x2  
  79  5:13  Twilight Council  
  79  5:38  Pylon  
  79  5:40  Stalker  
  79  5:41  Stalker x2  
  79  5:42  Stalker x2  
  79  5:44  Robotics Facility  
  55  5:55  Stalker  
  33  6:07  Stalker  
  33  6:08  Stalker x2  
  33  6:09  Stalker x2, Photon Cannon  
  37  6:11  Photon Cannon  
  37  6:17  Pylon  
  33  6:40  Pylon  
  23  6:55  Zealot x5  
  32  7:22  Zealot x4  
  38  7:23  Zealot  
  36  7:43  Pylon  
  36  7:46  Pylon  
  36  7:49  Zealot  
  36  7:50  Cybernetics Core  
  38  7:54  Forge  
  38  8:05  Gateway  
  38  8:15  Robotics Bay  
  38  8:25  Stalker x2  
  38  8:26  Stalker x3  
  48  8:40  Robotics Facility  
  48  8:43  Robotics Facility  
  48  8:51  Twilight Council  
  48  8:52  Stalker x2  
  48  8:53  Stalker x3  
  58  9:09  Gravitic Boosters  
  58  9:18  Protoss Air Weapons Level 1  
  58  9:19  Stalker  
  58  9:20  Stalker x4  
  64  9:51  Stargate  
  64  9:56  Pylon  
  64  9:59  Colossus x2  
  64  10:00  Colossus  
  64  10:06  Gravitic Drive  
  82  10:13  Stargate  
  82  10:38  Stalker  
  82  10:39  Stalker  
  18  11:51  Photon Cannon  
  18  11:53  Photon Cannon  
  13  11:59  Photon Cannon  
  9  12:03  Photon Cannon  
  9  12:04  Photon Cannon  
  9  12:09  Photon Cannon  
Show
View Real Time Build Order
Export as new Build Order

NevaehSlayer Terran 

Build Orders:  

Get SALT Encoding   

  12  0:07  SCV  
  13  0:19  SCV  
  14  0:31  SCV  
  15  0:54  Refinery  
  15  1:44  Supply Depot  
  15  1:47  Supply Depot  
  15  2:06  SCV  
  15  2:08  Supply Depot  
  16  2:10  Supply Depot  
  16  2:18  SCV  
  17  2:30  SCV  
  18  2:42  SCV  
  19  2:54  SCV  
  20  3:04  Refinery  
  20  3:06  Supply Depot, SCV  
  20  3:08  Supply Depot  
  21  4:39  SCV  
  22  4:46  Supply Depot  
  22  4:48  Supply Depot  
  22  4:51  SCV  
  23  5:03  SCV  
  24  5:15  SCV  
  25  5:27  SCV  
  26  10:39  Command Center  
  26  11:05  Command Center  
Show
View Real Time Build Order
Export as new Build Order

KhengisKhunt Protoss - Winner!

Build Orders:  

Get SALT Encoding   

Show
View Real Time Build Order
Export as new Build Order

iPlayDefense Terran - Winner!

Build Orders:  

Get SALT Encoding   

  12  0:00  SCV  
  13  0:12  SCV  
  14  0:20  Supply Depot  
  14  0:23  Refinery  
  14  0:26  SCV  
  15  0:41  SCV  
  16  0:44  Barracks  
  16  0:51  Supply Depot  
  16  0:54  SCV  
  17  1:16  Barracks  
  17  1:31  Barracks Reactor  
  17  1:33  Engineering Bay  
  17  1:35  Orbital Command  
  17  2:00  Terran Infantry Weapons Level 1  
  17  2:04  Barracks Tech Lab  
  17  2:09  Barracks  
  17  2:10  Marine, Barracks  
  17  2:11  Marine  
  19  2:22  Marine  
  19  2:28  Marine x2  
  22  2:30  Combat Shield  
  22  2:40  Marine  
  23  2:46  Marine x2  
  25  2:58  Marine  
  26  2:59  Barracks Reactor  
  26  3:04  Marine x2  
  28  3:08  Barracks Reactor  
  28  3:16  Marine  
  29  3:20  Supply Depot  
  29  3:25  Command Center  
  29  3:33  Marine  
  30  3:44  Supply Depot  
  30  3:46  Marine x5  
  30  3:47  Marine  
  36  3:49  Stimpack  
  36  3:51  SCV, Marine  
  38  4:03  SCV  
  38  4:04  Marine x6  
  38  4:06  Refinery  
  38  4:07  Supply Depot  
  38  4:09  Marine  
  46  4:15  SCV  
  47  4:21  Marine  
  47  4:22  Marine x5  
  53  4:27  Marine  
  53  4:28  SCV  
  55  4:32  Supply Depot  
  55  4:35  Terran Infantry Armor Level 1  
  55  4:39  Marine  
  55  4:40  SCV, Marine x5  
  55  4:45  SCV, Marine  
  64  4:49  Supply Depot  
  64  4:55  Supply Depot  
  64  4:57  SCV  
  65  5:09  SCV  
  66  5:18  Supply Depot  
  66  5:21  Marine  
  66  5:22  SCV, Marine x6  
  74  5:34  SCV  
  75  5:39  Marine x7  
  75  5:41  Supply Depot  
  82  5:48  Factory  
  60  5:57  Marine x7  
  60  6:02  SCV  
  68  6:05  Supply Depot  
  68  6:14  SCV, Marine  
  68  6:15  Marine x6  
  73  6:26  SCV  
  73  6:28  Supply Depot  
  73  6:32  Factory Tech Lab  
  73  6:33  Marine  
  73  6:38  Starport  
  73  6:39  SCV  
  75  6:41  Marine x5  
  75  6:42  Marine  
  77  6:51  SCV, Marine  
  77  6:52  Supply Depot  
  78  6:59  Marine x6  
  84  7:06  Siege Tank  
  87  7:09  Marine  
  87  7:11  SCV  
  87  7:15  SCV  
  90  7:17  Marine x6  
  90  7:21  Liberator  
  99  7:23  SCV  
  99  7:26  Marine  
  99  7:27  SCV  
  94  7:34  Marine  
  94  7:35  Marine x5  
  99  7:38  Siege Tank  
  99  7:39  Supply Depot, SCV  
  103  7:44  Marine  
  104  7:51  SCV  
  104  7:57  Refinery  
  104  7:58  Armory  
  105  8:01  Marine  
  105  8:02  Marine x6  
  105  8:03  SCV  
  105  8:05  Supply Depot  
  113  8:08  Starport Reactor  
  113  8:11  Siege Tank  
  116  8:19  Marine x4  
  117  8:20  Marine x3  
  117  8:21  Refinery  
  123  8:28  Supply Depot  
  123  8:33  SCV  
  124  8:37  Marine x6  
  124  8:38  Marine  
  131  8:43  Siege Tank  
  131  8:45  SCV  
  131  8:46  Medivac  
  137  8:55  Supply Depot, Marine x7  
  138  8:57  SCV  
  145  9:13  Marine  
  145  9:14  Missile Turret  
  146  9:17  Supply Depot  
  146  9:30  Terran Vehicle Weapons Level 1  
  143  9:33  Missile Turret, Medivac x2  
  143  9:36  Marine x2  
  143  9:37  Marine x5  
  154  9:41  Supply Depot, Siege Tank  
  157  9:53  Terran Infantry Weapons Level 2  
  157  9:54  Marine x7  
  164  10:00  SCV  
  164  10:04  Supply Depot  
  165  10:12  SCV, Marine x7  
  173  10:16  Medivac  
  173  10:17  Medivac  
  177  10:26  Supply Depot  
  177  10:29  Marine  
  177  10:30  Marine x6  
  184  10:48  Marine  
  184  10:49  Supply Depot  
  185  10:51  Marine x6  
  185  10:54  Siege Tank  
  194  11:06  Marine  
  194  11:09  Marine x5  
  200  11:24  Marine  
  197  11:26  Siege Tank, Marine  
  197  11:27  Marine x3  
  180  11:41  Marine  
  180  11:44  Marine  
  180  11:45  Marine x3  
  185  11:59  Marine  
Tags
 
Add a new tag
Caveats
  • Supply blocks, unpowered buildings, or Contaminate may cause inaccurate times.
  • Supply counts are checked every 10 seconds.